Map: Traitor's Exile

Players

MonstroTown - Winner!

  • Race: Terran Terran
  • Spawn Location: 6:00

Michael - Winner!

  • Race: Zerg Zerg
  • League: Gold
  • Spawn Location: 5:00

edge

  • Race: Terran Terran
  • League: Gold
  • Spawn Location: 12:00

bousyu

  • Race: Zerg Zerg
  • Spawn Location: 9:00

VOD

Have the link to the VOD?

Description

Time

  • Played on: Sept. 16, 2018, 10:20 a.m.
  • Length: 5:02
Show
View Real Time Build Order
Export as new Build Order

MonstroTown Terran - Winner!

Build Orders:  

Get SALT Encoding   

  12  0:01  SCV  
  13  0:13  SCV  
  14  0:18  Supply Depot  
  14  0:25  SCV  
  15  0:40  SCV  
  15  0:41  Barracks  
  16  0:52  SCV  
  16  0:55  Barracks  
  17  1:04  SCV  
  17  1:10  Barracks  
  18  1:17  SCV  
  19  1:25  Barracks  
  19  1:31  Marine  
  20  1:38  Supply Depot  
  20  1:45  Marine  
  21  1:53  Marine  
  22  1:59  Marine  
  23  2:03  Marine  
  24  2:10  Supply Depot, Marine  
  24  2:11  Marine  
  26  2:17  Marine  
  26  2:22  Marine  
  28  2:28  Marine  
  29  2:32  Marine  
  30  2:38  Marine  
  30  2:49  Marine x2  
  30  2:50  Marine  
  33  2:53  Orbital Command  
  33  2:56  Marine  
  34  3:01  Refinery  
  31  3:14  Marine x3  
  31  3:15  Marine  
  35  3:32  Marine  
  36  3:36  Marine x3  
  39  3:41  Supply Depot  
  39  4:02  Marine x4  
  35  4:20  Marine x3  
  35  4:29  Marine  
  36  4:38  Marine x3  
  35  4:41  SCV  
  39  4:46  Command Center  
  40  4:59  Factory  
Show
View Real Time Build Order
Export as new Build Order

Michael Zerg - Winner!

Build Orders: Hatch First 

Get SALT Encoding   

  12  0:01  Drone  
  13  0:12  Overlord  
  13  0:18  Drone  
  14  0:31  Drone x2  
  14  0:34  Drone  
  17  0:45  Drone  
  18  0:58  Hatchery  
  18  1:00  Drone  
  18  1:07  Extractor  
  17  1:16  Spawning Pool  
  16  1:21  Drone  
  17  1:29  Drone  
  17  1:30  Drone  
  19  1:39  Drone  
  20  1:49  Overlord  
  20  2:03  Queen  
  21  2:12  Metabolic Boost  
  21  2:13  Zergling x2  
  21  2:14  Zergling x4  
  24  2:19  Queen  
  26  2:26  Overlord  
  26  2:31  Extractor, Drone  
  26  2:35  Drone  
  27  2:39  Drone  
  28  2:46  Drone  
  28  2:47  Drone  
  30  2:56  Lair  
  27  3:13  Zergling x8  
  31  3:20  Drone x4  
  31  3:23  Zergling x2  
  36  3:32  Roach Warren  
  35  3:34  Drone  
  35  3:36  Drone  
  37  3:52  Zergling x12  
  43  4:09  Zergling x2  
  43  4:17  Overlord  
  43  4:30  Drone  
  43  4:32  Overlord x3  
  47  4:42  Drone  
  47  4:43  Spire  
  47  4:45  Drone  
  48  4:47  Drone  
Show
View Real Time Build Order
Export as new Build Order

edge Terran 

Build Orders:  

Get SALT Encoding   

  12  0:01  SCV  
  13  0:13  SCV  
  14  0:19  Supply Depot  
  14  0:25  SCV  
  15  0:31  Refinery  
  15  0:44  Barracks  
  15  0:58  SCV  
  16  1:22  SCV  
  17  1:28  Refinery  
  17  1:33  Reaper  
  17  1:35  Barracks  
  17  1:37  Orbital Command  
  17  2:05  SCV  
  18  2:21  Marine  
  19  2:23  Marine  
  19  2:26  Factory, SCV  
  21  2:31  Supply Depot  
  21  2:38  SCV  
  21  2:39  Marine  
  23  2:46  Marine  
  23  2:52  SCV  
  24  2:58  Marine  
  24  3:04  Marine  
  24  3:05  SCV  
  27  3:11  Hellion  
  29  3:16  Marine  
  29  3:17  SCV  
  30  3:20  Bunker  
  30  3:22  Marine  
  31  3:33  Supply Depot  
  31  3:37  Engineering Bay  
  31  3:43  Barracks Tech Lab  
  31  3:48  Factory Reactor  
  31  3:55  Starport, Marine  
  32  3:56  SCV  
  33  4:13  Marine  
  34  4:21  Marine  
  33  4:30  Marine  
  29  4:39  Marine  
Show
View Real Time Build Order
Export as new Build Order

bousyu Zerg 

Build Orders: Pool First 

Get SALT Encoding   

  12  0:01  Drone  
  13  0:08  Drone  
  14  0:28  Spawning Pool  
  13  0:31  Extractor  
  13  0:33  Drone  
  13  0:38  Drone  
  14  0:47  Overlord  
  14  0:57  Overlord  
  14  1:06  Drone  
  14  1:07  Drone  
  16  1:21  Queen  
  18  1:26  Zergling x2  
  19  1:35  Metabolic Boost  
  19  1:42  Zergling x4  
  21  1:56  Queen  
  23  2:04  Zergling x4  
  25  2:16  Zergling x2  
  26  2:24  Zergling x2  
  27  2:30  Zergling x4  
  27  2:34  Zergling x2  
  30  2:38  Overlord  
  30  3:02  Zergling x4  
  30  3:04  Zergling x2  
  30  3:05  Zergling x4  
  25  3:17  Zergling x2  
  26  3:32  Baneling Nest  
  26  3:33  Zergling x10  
  30  3:57  Overlord  
  30  3:58  Hatchery  
  19  4:14  Zergling x4  
  19  4:15  Zergling x4  
Tags
 
Add a new tag
Caveats
  • Supply blocks, unpowered buildings, or Contaminate may cause inaccurate times.
  • Supply counts are checked every 10 seconds.